 Dungeon Crawl Stone Soup version 0.21-a0-621-gc60411f (webtiles) character file.

133 Gorice the Skirmisher (level 4, -5/37 HPs)
             Began as a Demonspawn Wanderer on Dec 23, 2017.
             Slain by Crazy Yiuf
             ... wielding a +4 quarterstaff of chaos
              (12 damage)
             ... on level 3 of the Dungeon.
             The game lasted 00:09:03 (1431 turns).

Gorice the Skirmisher (Demonspawn Wanderer)         Turns: 1431, Time: 00:09:04

Health: -5/37      AC: 11    Str: 13    XL:     4   Next: 94%
Magic:  4/4        EV:  3    Int: 14    God:
Gold:   106        SH:  0    Dex: 12    Spells: 3/3 levels left

rFire    . . .     SeeInvis .   a - +2 dagger (venom)
rCold    . . .     Gourm    .   (no shield)
rNeg     . . .     Faith    .   p - +0 plate armour
rPois    .         Spirit   .   (no helmet)
rElec    .         Reflect  .   (no cloak)
rCorr    .         Harm     .   (no gloves)
MR       .....                  (no boots)
Stlth    ..........             (no amulet)
HPRegen  0.12/turn              u - ring of loudness (curse)
MPRegen  0.09/turn              r - ring of flight

@: no status effects
A: hooves 1
a: Evoke Flight


You were on level 3 of the Dungeon.
You were not hungry.

You visited 1 branch of the dungeon, and saw 3 of its levels.

You collected 106 gold pieces.

Inventory:

Hand Weapons
 a - a +2 dagger of venom (weapon)
   (You took it off a kobold on level 2 of the Dungeon)
 b - a +2 hunting sling of flaming
   (You found it on level 1 of the Dungeon)
 h - a +0 spear
 o - a +0 mace of protection
   (You found it on level 2 of the Dungeon)
 q - a +0 hand axe
 s - a cursed +0 hunting sling
 v - a +0 whip
 w - a +0 mace of protection
   (You found it on level 3 of the Dungeon)
 x - a +0 halberd
 A - a +2 short sword
Missiles
 e - 7 sling bullets
 l - 6 javelins (quivered)
 t - 22 bolts
 Y - 23 stones
Armour
 c - a +0 robe
 p - a +0 plate armour (worn)
Jewellery
 n - a +3 ring of dexterity
 r - a ring of flight (right hand)
 u - a cursed ring of loudness (left hand)
Scrolls
 y - a scroll of remove curse
Potions
 f - 3 potions of curing {unknown}
 g - a potion of magic {unknown}
 i - a potion of brilliance {unknown}
 j - 3 potions of lignification {!q}
 m - 2 potions of might {!q}
 z - a potion of berserk rage
Comestibles
 d - 3 rations
 k - 11 chunks of flesh


   Skills:
 + Level 4.2 Fighting
 - Level 1.7 Short Blades
   Level 1.0 Staves
 - Level 1.0 Throwing
 + Level 2.3 Armour
 - Level 1.7 Dodging
 - Level 1.0 Stealth
 - Level 1.0 Evocations


You had 3 spell levels left.
You didn't know any spells.

Dungeon Overview and Level Annotations

Branches:
Dungeon (3/15)

Altars:

Annotations:
D:3 Crazy Yiuf


Innate Abilities, Weirdness & Mutations

You have large cloven feet.


Message History

b - a +2 hunting sling of flaming (weapon)
Unknown command.
Unknown command.
Unknown command.
Unknown command.
You start resting.
HP restored.
Found a mace.
Found a mace.
Found two maces.
Found a mace.
You see here a mace.
You see here a glowing mace.
w - a glowing mace You see here a mace.
You see here a mace.
You see here a mace.
Found a runed door.
You open the door.
Crazy Yiuf the Enlightened comes into view.
He is wielding a quarterstaff of chaos.
Found a mace.
Unknown command.
Firing (i - inventory. (,) - cycle):
e - 9 sling bullets (quivered)
Press: ? - help, Shift-Dir - straight line, f - Crazy Yiuf
Aim: Crazy Yiuf, wielding a quarterstaff of chaos and wearing a cloak You shoot a sling bullet.
The sling bullet hits Crazy Yiuf!
The sling bullet burns Crazy Yiuf.
Crazy Yiuf is moderately wounded.
Firing (i - inventory. (,) - cycle):
e - 8 sling bullets (quivered)
Press: ? - help, Shift-Dir - straight line, f/p - Crazy Yiuf
Aim: Crazy Yiuf, wielding a quarterstaff of chaos and wearing a cloak (moderately wounded)
You shoot a sling bullet.
The sling bullet closely misses Crazy Yiuf.
Your +2 hunting sling of flaming stops flaming.
Your +2 dagger of venom begins to drip with poison!
a - a +2 dagger of venom (weapon)
Crazy Yiuf hits you with a quarterstaff of chaos!
You are electrocuted!
* * * LOW HITPOINT WARNING * * *
Damage: 23 (max 23) Crazy Yiuf drinks a potion.
Crazy Yiuf goes berserk!
Crazy Yiuf rages. x2
Your plate armour prevents you from hitting Crazy Yiuf.
Crazy Yiuf is moderately wounded.
Crazy Yiuf hits you with a quarterstaff of chaos!
* * * LOW HITPOINT WARNING * * *
Damage: 7 (max 23) Unknown command.
Crazy Yiuf hits you with a quarterstaff of chaos!
You die...

......... #..#.....#
#......#.# .# #.........
... ### ♣♣##.............
#)..#♣♣ ♣♣))))...#...#...
#.(('.♣♣♣♣))))...........#
#...#♣..♣g♣)).).....#.#..#.
### ♣♣♣.♣@))).........>...
♣♣♣♣♣##..###.#.# #..###.#.#
# #........# ..
#..###.#...#
...#####..###.##..###
.....................
..................###
.....................


You could see Crazy Yiuf (berserk).

Vanquished Creatures
  4 gnolls (D:2)
  3 adders
  A worm (D:2)
  2 dart slugs
  3 leopard geckos (D:2)
  An orc (D:3)
  5 giant cockroaches
  8 goblins
  2 hobgoblins
  2 jackals (D:3)
  4 kobolds
  A quokka (D:2)
  12 bats
  3 frilled lizards
  9 rats
60 creatures vanquished.

Notes
Turn   | Place    | Note
-------+----------+-------------------------------------------
     0 | D:1      | Gorice the Demonspawn Wanderer began the quest for the Orb.
     0 | D:1      | Gorice set off with: a +2 short sword, 2 potions of lignification {!q}, a +0 robe, a ration
     0 | D:1      | Reached XP level 1. HP: 16/16 MP: 1/1
   182 | D:1      | Gained mutation: You have large cloven feet. [demonic ancestry]
   182 | D:1      | Reached XP level 2. HP: 22/23 MP: 2/2
   299 | D:1      | Reached skill level 3 in Fighting
   732 | D:2      | Reached XP level 3. HP: 29/29 MP: 3/3
   798 | D:2      | Reached skill level 1 in Armour
   946 | D:2      | Reached XP level 4. HP: 36/37 MP: 4/4
   976 | D:2      | Reached skill level 4 in Fighting
   976 | D:2      | Reached skill level 2 in Armour
  1418 | D:3      | Found a runed door.
  1422 | D:3      | Noticed Crazy Yiuf
  1430 | D:3      | HP: 7/37 [Crazy Yiuf/quarterstaff of chaos (8)]
  1431 | D:3      | Slain by Crazy Yiuf

Vault maps used:
D:1:      onia_arrival_pyramid
D:3:      nicolae_overflow_crystal_walls, first_ration, hangedman_decor_push,
          uniq_crazy_yiuf_cottage

Skill      XL: |  1  2  3  4 |
---------------+-------------+-----
Fighting       | 3 4 |  4.2
Armour         | 1 2 |  2.3
Short Blades   | |  1.7
Staves         | |  1.0
Throwing       | |  1.0
Dodging        | |  1.7
Stealth        | |  1.0
Evocations     | |  1.0

Action                   |  1- 3 |  4- 6 || total
-------------------------+-------+-------++-------
Melee: Short sword       |    49 |     3 ||    52
       Kick              |     9 |     6 ||    15
       Dagger            |       |    38 ||    38
 Fire: Hunting sling     |    51 |    19 ||    70
  Use: Scroll            |     2 |     2 ||     4
  Eat: Chunk             |       |     2 ||     2
Armor: Robe              |     4 |       ||     4
       Plate armour      |    30 |    45 ||    75
Dodge: Dodged            |    12 |     8 ||    20

Table legend:
 A = Spawn XP
 B = Non-spawn XP
 C = Spawn XP percentage of total XP
 D = Spawn monster count
 E = Non-spawn monster count
 F = Spawn count percentage of total count
 G = Total turns spent on level
                    A         B        C        D         E        F      G
               +---------+---------+-------+---------+---------+-------+---------
         Total |       0 |     191 |   0.0 |       0 |      60 |   0.0 |  1431
               +---------+---------+-------+---------+---------+-------+---------
           D:1 |       0 |      28 |   0.0 |       0 |      18 |   0.0 |   662
           D:2 |       0 |     134 |   0.0 |       0 |      32 |   0.0 |   620
           D:3 |       0 |      29 |   0.0 |       0 |      10 |   0.0 |   149
               +---------+---------+-------+---------+---------+-------+---------

Table legend:
 A = Turns spent in this place as a percentage of turns spent in the entire game.
 B = Non-inter-level travel turns spent in this place as a percentage of non-inter-level travel turns spent in the entire game.
 C = Inter-level travel turns spent in this place as a percentage of turns spent in this place.
 D = Turns resting spent in this place as a percentage of non-inter-level travel turns spent in this place.
 E = Turns spent auto-exploring this place as a percentage of non-inter-level travel turns spent in this place.
 F = Non-inter-level travel turns spent in this place divided by the number of levels of this place that you've seen.
                   A       B       C       D       E      F
               +-------+-------+-------+-------+-------+----------------------
         Total | 100.0 | 100.0 |   5.9 |   0.2 |  39.7 | 449.0
       Dungeon | 100.0 | 100.0 |   5.9 |   0.2 |  39.7 | 449.0
               +-------+-------+-------+-------+-------+----------------------

Vault maps used:
D:1:      onia_arrival_pyramid
D:3:      nicolae_overflow_crystal_walls, first_ration, hangedman_decor_push,
          uniq_crazy_yiuf_cottage
